 Dungeon Crawl Stone Soup version 0.25-a0-294-gea9b1ad (webtiles) character file.

Game seed: 16140322723463388183, levelgen mode: deterministic

62 MrTaco21 the Cudgeler (level 4, 0/28 HPs)
             Began as a Gargoyle Fighter on Dec 18, 2019.
             Slain by Crazy Yiuf
             ... wielding a +4 quarterstaff of chaos
              (3 damage)
             ... on level 2 of the Dungeon.
             The game lasted 00:02:02 (1490 turns).

MrTaco21 the Cudgeler (Gargoyle Fighter)            Turns: 1490, Time: 00:02:02

Health: 0/28       AC: 10    Str: 20    XL:     4   Next: 8%
Magic:  4/4        EV:  7    Int:  9    God:
Gold:   91         SH:  9    Dex:  9    Spells: 3/3 levels left

rFire    . . .     SeeInvis .   a - +0 flail
rCold    . . .     Gourm    .   c - +0 shield
rNeg     + . .     Faith    .   b - +0 scale mail
rPois    ∞         Spirit   .   (no helmet)
rElec    +         Reflect  .   (no cloak)
rCorr    .         Harm     .   (no gloves)
MR       .....                  (no boots)
Stlth    ..........             (no amulet)
HPRegen  0.09/turn              (no ring)
MPRegen  0.09/turn              (no ring)

@: no status effects
A: negative energy resistance 1, electricity resistance, unbreathing,
petrification resistance, rot immunity, AC +3
a: no special abilities


You were on level 2 of the Dungeon.
You were not hungry.

You visited 1 branch of the dungeon, and saw 2 of its levels.

You collected 91 gold pieces.

Inventory:

Hand Weapons
 a - a +0 flail (weapon)
Armour
 b - a +0 scale mail (worn)
 c - a +0 shield (worn)
Scrolls
 f - 2 scrolls of identify {unknown}
 g - 3 scrolls of enchant weapon {unknown}
 h - a scroll of immolation {unknown}
 i - 2 scrolls of magic mapping {unknown}
 k - a scroll of teleportation {unknown}
 l - a scroll of noise {unknown}
Potions
 d - a potion of might
 j - 2 potions of flight {unknown}
 m - a potion of heal wounds {unknown}
Comestibles
 e - 5 rations {!d}


   Skills:
 - Level 3.2 Fighting
 + Level 4.2 Maces & Flails
 - Level 3.2 Armour
 - Level 3.2 Shields


You had 3 spell levels left.
You didn't know any spells.
Your spell library was empty.

Dungeon Overview and Level Annotations

Branches:
Dungeon (2/15)

Altars:

Annotations:
D:2 Crazy Yiuf


Innate Abilities, Weirdness & Mutations

You are resistant to torment.
Your stone body is resilient. (AC +3)
You are immune to poison.
You resist negative energy. (rN+)
You are resistant to electric shocks. (rElec)
You can survive without breathing.
You are immune to petrification.
You are immune to rotting.


Message History

You see here a stone.
A kobold is nearby!
A kobold is nearby!
A kobold is nearby!
The kobold throws a stone.
The stone hits you but does no damage.
Found a stone staircase leading down and a stone staircase leading up.
The kobold hits you but does no damage.
You sock the kobold!
You kill the kobold!
No target in view!
No target in view!
No target in view!
No target in view!
No target in view!
No target in view!
No target in view!
g - 3 scrolls labeled IPEFFUIBET
Things that are here:
a +0 dagger; a stone; a kobold corpse
Found a grey potion.
m - a grey potion You see here a stone.
Found a mace.
Crazy Yiuf shouts!
As you open the door, it creaks loudly!
You hit Crazy Yiuf.
Crazy Yiuf hits you with a +4 quarterstaff of chaos.
Crazy Yiuf burns you.
You sock Crazy Yiuf! You block Crazy Yiuf's attack.
Crazy Yiuf yells, "Tonal!
Peeping head childish."
Crazy Yiuf hits you with a +4 quarterstaff of chaos!
Crazy Yiuf burns you.
Your shield prevents you from hitting Crazy Yiuf.
Crazy Yiuf barely misses you.
You closely miss Crazy Yiuf.
Crazy Yiuf hits you with a +4 quarterstaff of chaos.
* * * LOW HITPOINT WARNING * * *
Crazy Yiuf burns you.
* * * LOW HITPOINT WARNING * * *
Your shield and scale mail prevent you from hitting Crazy Yiuf.
Crazy Yiuf twirls on the spot.
Crazy Yiuf hits you with a +4 quarterstaff of chaos.
* * * LOW HITPOINT WARNING * * *
Crazy Yiuf burns you.
* * * LOW HITPOINT WARNING * * *
You hit Crazy Yiuf.
Crazy Yiuf hits you with a +4 quarterstaff of chaos!
* * * LOW HITPOINT WARNING * * *
Crazy Yiuf burns you.
You die...

.......##....##..#
##..##....
......###.####..##
##.##.###
......###.##...##
#.....##
#####.##.#######
##..#... ##.#..#
#.##### #..#.##
♣♣♣♣♣## #......
##....# ###
♣♣♣.♣...########.
#...###
#...#♣..♣......######.
###...##
#...g@♣♣♣♣.........###
.......# #)..#♣♣
♣♣..#.....### .......#
### ♣♣##........
.......# #........
....)..# #########
.......# # .......#
.......# .......#


You could see Crazy Yiuf.

Vanquished Creatures
  3 adders (D:2)
  A dart slug (D:2)
  2 leopard geckos (D:1)
  An orc (D:2)
  2 bats (D:1)
  2 goblins (D:1)
  A hobgoblin (D:2)
  6 jackals (D:1)
  5 kobolds
  A ball python (D:1)
  3 frilled lizards (D:1)
  2 rats (D:1)
29 creatures vanquished.

Notes
Turn   | Place    | Note
-------+----------+-------------------------------------------
     0 | D:1      | MrTaco21 the Gargoyle Fighter began the quest for the Orb.
     0 | D:1      | Reached XP level 1. HP: 14/14 MP: 1/1
    15 | D:1      | Noticed an electric eel
   169 | D:1      | Reached XP level 2. HP: 19/19 MP: 2/2
   294 | D:1      | Reached skill level 3 in Maces & Flails
   831 | D:1      | Reached XP level 3. HP: 23/23 MP: 3/3
  1085 | D:2      | Reached skill level 4 in Maces & Flails
  1103 | D:2      | Reached XP level 4. HP: 16/28 MP: 4/4
  1480 | D:2      | Found a runed translucent door.
  1481 | D:2      | Noticed Crazy Yiuf
  1490 | D:2      | Slain by Crazy Yiuf

Levels and vault maps discovered:
D:1:      arrival_aquarium_a, layout_loops_ring
D:2:      layout_rooms, first_ration, uniq_crazy_yiuf_cottage

Skill      XL: |  1  2  3 |
---------------+----------+-----
Maces & Flails | 3 4 |  4.2
Fighting       | |  3.2
Armour         | |  3.2
Shields        | |  3.2

Action                   |  1- 3 |  4- 6 || total
-------------------------+-------+-------++-------
Melee: Flail             |   137 |     7 ||   144
  Eat: Chunk             |     1 |     1 ||     2
Armor: Scale mail        |   107 |     2 ||   109
Dodge: Dodged            |    64 |     1 ||    65
Block: Shield            |    95 |     2 ||    97

Table legend:
 A = Non-vault XP
 B = Vault XP
 C = Vault XP percentage of total XP
 D = Non-vault monster count
 E = Vault monster count
 F = Vault count percentage of total count
                 A         B        C        D         E       F
            +---------+---------+-------+---------+---------+-------
      Total |      89 |       0 |   0.0 |      29 |       0 |   0.0
            +---------+---------+-------+---------+---------+-------
        D:1 |      36 |       0 |   0.0 |      21 |       0 |   0.0
        D:2 |      53 |       0 |   0.0 |       8 |       0 |   0.0
            +---------+---------+-------+---------+---------+-------
